SAAA
PORT ROYAL DISASTER @ BLOOMINGTON LONGNECKS
09/18/2030
 
TOP OF THE 1ST
Port Royal Disaster batting - Pitching for Bloomington Longnecks : RHP Bob Weatherall
Pitching: RHP Bob Weatherall
Batting: LHB Ricky Payton 0-0: Ball
1-0: SINGLE (Groundball, 34D)
Batting: RHB Loren Stallings 0-0: Called Strike
0-1: Called Strike
0-2: Ball
1-2: Ball
2-2: Ball
Pickoff Throw to First - Out!
3-2: Ground out 4-3 (Groundball, 4)
Batting: LHB Bob Daugherty 0-0: Ball
1-0: Called Strike
1-1: Called Strike
1-2: Foul Ball, location: 2F
1-2: Ball
2-2: Ball
3-2: Foul Ball, location: 2F
3-2: Strikes out swinging
Top of the 1st over - 0 runs, 1 hit, 0 errors, 0 left on base; Port Royal 0 - Bloomington 0
BOTTOM OF THE 1ST
Bloomington Longnecks batting - Pitching for Port Royal Disaster : RHP Nam Yee Yong
Pitching: RHP Nam Yee Yong
Batting: RHB Silvio Bonauiti 0-0: Fly out, F7 (Flyball, 78S)
Batting: LHB Daniel Faraday 0-0: Ball
1-0: Ball
2-0: Ball
3-0: Called Strike
3-1: Base on Balls
Batting: SHB Benedict Patel 0-0: Ball
1-0: Ball
Daniel Faraday steals 2nd base
2-0: Ball
3-0: Base on Balls
Batting: RHB Gabrio Campoverde 0-0: Ball
1-0: 3-RUN HOME RUN (Flyball, 7D), Distance : 374 ft
Batting: LHB Gabriel Díaz 0-0: Foul Ball, location: 2F
0-1: Ball
1-1: Ball
2-1: Swinging Strike
2-2: Strikes out swinging
Batting: RHB Martín Martínez 0-0: Ball
1-0: Swinging Strike
1-1: Called Strike
1-2: Foul Ball, location: 2F
1-2: Ball
2-2: Ball
3-2: Strikes out swinging
Bottom of the 1st over - 3 runs, 1 hit, 0 errors, 0 left on base; Port Royal 0 - Bloomington 3
TOP OF THE 2ND
Port Royal Disaster batting - Pitching for Bloomington Longnecks : RHP Bob Weatherall
Batting: RHB David McJannett 0-0: Hit by Pitch
Batting: RHB Wrangler Haresnape 0-0: Called Strike
0-1: Ball
1-1: Called Strike
1-2: Ball
2-2: Fly out, F4 (Line Drive, 4)
Batting: RHB Brandon Cooper 0-0: Ball
1-0: Ball
2-0: Foul Ball, location: 2F
2-1: Swinging Strike
2-2: Strikes out swinging
Batting: RHB Jesús Ruano 0-0: Foul Ball, location: 2F
0-1: DOUBLE (Flyball, 78D)
David McJannett to third
Runner from 3rd tries for Home, SAFE, no throw
Batting: LHB José Vázquez 0-0: Called Strike
0-1: Called Strike
0-2: Ball
1-2: Foul Ball, location: 2F
1-2: Ball
2-2: SINGLE (Flyball, 7S)
Jesús Ruano to third
Runner from 3rd tries for Home, SAFE, no throw
Batting: RHB Winston Sparks 0-0: Ball
1-0: Called Strike
1-1: Fielders Choice at 2nd, 6-4 (Groundball, 6)
Top of the 2nd over - 2 runs, 2 hits, 0 errors, 1 left on base; Port Royal 2 - Bloomington 3
BOTTOM OF THE 2ND
Bloomington Longnecks batting - Pitching for Port Royal Disaster : RHP Nam Yee Yong
Batting: RHB Ty Struck 0-0: Called Strike
0-1: Ball
1-1: Foul Ball, location: 2F
1-2: Fly out, F7 (Line Drive, 7)
Batting: RHB Masafumi Ito 0-0: Ball
1-0: Called Strike
1-1: Ball
2-1: Ball
3-1: Called Strike
3-2: Base on Balls
Batting: LHB Joram Nelen 0-0: SINGLE (Line Drive, 6M)
Masafumi Ito to second
Batting: RHB Silvio Bonauiti 0-0: Ball
1-0: Ball
2-0: Ball
3-0: Base on Balls
Masafumi Ito to third
Joram Nelen to second
Batting: LHB Daniel Faraday 0-0: Ball
1-0: Ball
2-0: Ball
3-0: Foul Ball, location: 2F
3-1: Base on Balls
Masafumi Ito scores
Joram Nelen to third
Silvio Bonauiti to second
Batting: SHB Benedict Patel 0-0: Fielders Choice at 2nd, 4-6 (Groundball, 4)
Joram Nelen scores
Silvio Bonauiti to third
Batting: RHB Gabrio Campoverde 0-0: Ball
1-0: Ball
2-0: Fly out, F4 (Popup, 4M)
Bottom of the 2nd over - 2 runs, 1 hit, 0 errors, 2 left on base; Port Royal 2 - Bloomington 5
TOP OF THE 3RD
Port Royal Disaster batting - Pitching for Bloomington Longnecks : RHP Bob Weatherall
Batting: LHB Ricky Payton 0-0: Called Strike
0-1: Called Strike
0-2: SINGLE (Line Drive, 34)
Batting: RHB Loren Stallings 0-0: Swinging Strike
0-1: Ball
1-1: Foul Ball, location: 2F
1-2: Ball
Ricky Payton steals 2nd base
2-2: Ground out 5-3 (Groundball, 56)
Batting: LHB Bob Daugherty 0-0: Fly out, F6 (Line Drive, 6M)
Batting: RHB David McJannett 0-0: Called Strike
0-1: Ball
1-1: Fly out, F7 (Flyball, 7LSF)
Top of the 3rd over - 0 runs, 1 hit, 0 errors, 1 left on base; Port Royal 2 - Bloomington 5
BOTTOM OF THE 3RD
Bloomington Longnecks batting - Pitching for Port Royal Disaster : RHP Nam Yee Yong
Batting: LHB Gabriel Díaz 0-0: Called Strike
0-1: Ball
1-1: Fly out, F9 (Flyball, 89D)
Batting: RHB Martín Martínez 0-0: Called Strike
0-1: Ball
1-1: Foul Ball, location: 2F
1-2: Ball
2-2: Foul Ball, location: 2F
2-2: Ball
3-2: Ground out 6-3 (Groundball, 6)
Batting: RHB Ty Struck 0-0: Swinging Strike
0-1: Foul Ball, location: 2F
0-2: Foul Ball, location: 2F
0-2: Ball
1-2: Fly out, F4 (Popup, 4)
Bottom of the 3rd over - 0 runs, 0 hits, 0 errors, 0 left on base; Port Royal 2 - Bloomington 5
TOP OF THE 4TH
Port Royal Disaster batting - Pitching for Bloomington Longnecks : RHP Bob Weatherall
Batting: RHB Wrangler Haresnape 0-0: Ball
1-0: Ball
2-0: SINGLE (Line Drive, 89M)
Batting: RHB Brandon Cooper 0-0: Ball
1-0: Foul Ball, location: 2F
1-1: Foul Ball, location: 2F
1-2: Foul Ball, location: 2F
1-2: Ball
2-2: SINGLE (Line Drive, 8LS)
Wrangler Haresnape to second
Batting: RHB Jesús Ruano 0-0: Ball
1-0: Ball
2-0: Called Strike
2-1: Foul Ball, location: 2F
2-2: Foul Ball, location: 2F
2-2: Grounds into double play, 4-6-3 (Groundball, 4)
Wrangler Haresnape to third
Batting: LHB José Vázquez 0-0: Swinging Strike
0-1: Ball
Passed Ball!
Wrangler Haresnape scores
1-1: Swinging Strike
1-2: Ball
2-2: Foul Ball, location: 2F
2-2: Strikes out swinging
Top of the 4th over - 1 run, 2 hits, 0 errors, 0 left on base; Port Royal 3 - Bloomington 5
BOTTOM OF THE 4TH
Bloomington Longnecks batting - Pitching for Port Royal Disaster : RHP Nam Yee Yong
Batting: RHB Masafumi Ito 0-0: Foul Ball, location: 2F
0-1: Reached on error, E5 (Groundball, 5)
Batting: LHB Joram Nelen 0-0: Ball
1-0: Foul Ball, location: 2F
1-1: Fly out, F5 (Popup, 6S)
Batting: RHB Silvio Bonauiti 0-0: Called Strike
0-1: Foul Ball, location: 2F
0-2: Ball
1-2: Foul Ball, location: 2F
1-2: Fly out, F9 (Line Drive, 89M)
Pitching: RHP Esteban García
Batting: LHB Daniel Faraday 0-0: Called Strike
0-1: Ball
1-1: Ball
2-1: Ball
3-1: Base on Balls
Masafumi Ito to second
Batting: SHB Benedict Patel 0-0: Ball
1-0: Foul Ball, location: 2F
1-1: Called Strike
1-2: SINGLE (Flyball, 6MD)
Masafumi Ito to third
Daniel Faraday to second
Runner from 3rd tries for Home, SAFE, no throw
Batting: RHB Gabrio Campoverde 0-0: Ball
1-0: Fielders Choice at 2nd, 5-4 (Groundball, 5)
Bottom of the 4th over - 1 run, 1 hit, 1 error, 2 left on base; Port Royal 3 - Bloomington 6
TOP OF THE 5TH
Port Royal Disaster batting - Pitching for Bloomington Longnecks : RHP Bob Weatherall
Batting: RHB Winston Sparks 0-0: Called Strike
0-1: Foul Ball, location: 2F
0-2: Ball
1-2: Ground out 4-3 (Groundball, 6MD)
Batting: LHB Ricky Payton 0-0: Ball
1-0: Ball
2-0: Foul Ball, location: 2F
2-1: Foul Ball, location: 2F
2-2: Ball
3-2: Base on Balls
Batting: RHB Loren Stallings 0-0: Foul Ball, location: 2F
0-1: Ball
1-1: Fly out, F5 (Line Drive, 5)
Batting: LHB Bob Daugherty 0-0: Ball
1-0: Called Strike
1-1: Ball
2-1: Called Strike
2-2: Foul Ball, location: 2F
2-2: Ground out 5-3 (Groundball, 56S)
Top of the 5th over - 0 runs, 0 hits, 0 errors, 1 left on base; Port Royal 3 - Bloomington 6
BOTTOM OF THE 5TH
Bloomington Longnecks batting - Pitching for Port Royal Disaster : RHP Esteban García
Batting: LHB Gabriel Díaz 0-0: Ball
1-0: Ball
2-0: Ball
3-0: Base on Balls
Batting: RHB Martín Martínez 0-0: Called Strike
Gabriel Díaz steals 2nd base
0-1: Ball
1-1: Called Strike
1-2: Foul Ball, location: 2F
1-2: Ball
2-2: Ball
3-2: Fly out, F8 (Line Drive, 8LD)
Batting: RHB Ty Struck 0-0: Ball
1-0: Ball
2-0: Ball
3-0: Called Strike
3-1: Foul Ball, location: 2F
3-2: Ground out 5-3 (Groundball, 56)
Batting: RHB Masafumi Ito 0-0: Ground out 5-3 (Groundball, 5L)
Bottom of the 5th over - 0 runs, 0 hits, 0 errors, 1 left on base; Port Royal 3 - Bloomington 6
TOP OF THE 6TH
Port Royal Disaster batting - Pitching for Bloomington Longnecks : RHP Bob Weatherall
Pitching: RHP Vicente Escamilla
Batting: RHB David McJannett 0-0: Ball
1-0: Foul Ball, location: 2F
1-1: Ball
2-1: Fly out, F8 (Flyball, 8LM)
Batting: RHB Wrangler Haresnape 0-0: Ball
1-0: Ground out 6-3 (Groundball, 6)
Batting: RHB Brandon Cooper 0-0: Ball
1-0: Called Strike
1-1: Ball
2-1: Ball
3-1: Fly out, F4 (Popup, 34)
Top of the 6th over - 0 runs, 0 hits, 0 errors, 0 left on base; Port Royal 3 - Bloomington 6
BOTTOM OF THE 6TH
Bloomington Longnecks batting - Pitching for Port Royal Disaster : RHP Esteban García
Batting: LHB Joram Nelen 0-0: Ball
1-0: Ball
2-0: Ball
3-0: Called Strike
3-1: Base on Balls
Batting: RHB Silvio Bonauiti 0-0: Ball
1-0: Bunt missed!
1-1: Ball
2-1: Ball
3-1: Bunted foul
3-2: Foul Ball, location: 2F
3-2: Foul Ball, location: 2F
3-2: SINGLE (Groundball, 34D)
Joram Nelen to second
Runner from 2nd tries for 3rd, SAFE, no throw
Batting: LHB Daniel Faraday 0-0: Ball
1-0: Ball
2-0: Called Strike
2-1: SINGLE (Line Drive, 8LS)
Joram Nelen scores
Silvio Bonauiti to second
Runner from 2nd tries for 3rd, SAFE, no throw
Batting: SHB Benedict Patel 0-0: Ball
1-0: Ball
2-0: Called Strike
2-1: SINGLE (Groundball, 56D)
Silvio Bonauiti scores
Daniel Faraday to second
Batting: RHB Gabrio Campoverde 0-0: Ball
1-0: Foul Ball, location: 2F
1-1: Called Strike
1-2: Ball
2-2: Ball
3-2: Base on Balls
Daniel Faraday to third
Benedict Patel to second
Pitching: RHP Joe Griffin
Batting: LHB Gabriel Díaz 0-0: Ball
1-0: Grounds into fielders choice 4-2 (Groundball, 4D)
Benedict Patel to third
Gabrio Campoverde to second
Batting: RHB Martín Martínez 0-0: Foul Ball, location: 2F
0-1: Ball
1-1: Fly out, F9 (Flyball, 9LS)
Throwing error, E9
Benedict Patel scores
Gabrio Campoverde to third
Gabriel Díaz to second
Batting: RHB Ty Struck 0-0: Ball
1-0: Ball
2-0: Ball
3-0: Called Strike
3-1: Ground out 5-3 (Groundball, 5S)
Bottom of the 6th over - 3 runs, 3 hits, 1 error, 2 left on base; Port Royal 3 - Bloomington 9
TOP OF THE 7TH
Port Royal Disaster batting - Pitching for Bloomington Longnecks : RHP Vicente Escamilla
Batting: RHB Jesús Ruano 0-0: Swinging Strike
0-1: Foul Ball, location: 2F
0-2: Foul Ball, location: 2F
0-2: Strikes out swinging
Batting: LHB José Vázquez 0-0: Called Strike
0-1: SINGLE (Groundball, 56D)
Batting: RHB Winston Sparks 0-0: Called Strike
0-1: Ball
1-1: Swinging Strike
1-2: Ball
2-2: Ball
3-2: Foul Ball, location: 2F
3-2: Base on Balls
José Vázquez to second
Batting: LHB Ricky Payton 0-0: SINGLE (Line Drive, 56D)
José Vázquez to third
Winston Sparks to second
Batting: RHB Loren Stallings 0-0: Called Strike
0-1: Swinging Strike
0-2: Ball
1-2: Ball
2-2: Ball
3-2: Strikes out swinging
Batting: LHB Bob Daugherty 0-0: Ball
1-0: Called Strike
1-1: Ball
2-1: Foul Ball, location: 2F
2-2: SINGLE (Line Drive, 56D)
José Vázquez scores
Winston Sparks to third
Ricky Payton to second
Runner from 3rd tries for Home, SAFE, throw made home
Batting: RHB David McJannett 0-0: Fly out, F9 (Flyball, 9)
Top of the 7th over - 2 runs, 3 hits, 0 errors, 2 left on base; Port Royal 5 - Bloomington 9
BOTTOM OF THE 7TH
Bloomington Longnecks batting - Pitching for Port Royal Disaster : RHP Joe Griffin
Batting: RHB Masafumi Ito 0-0: Ball
1-0: Ground out 6-3 (Groundball, 6)
Batting: LHB Joram Nelen 0-0: Called Strike
0-1: Called Strike
0-2: Ground out 4-3 (Groundball, 4)
Batting: RHB Silvio Bonauiti 0-0: Swinging Strike
0-1: Ball
1-1: Ball
2-1: Foul Ball, location: 2F
2-2: Ball
3-2: Strikes out swinging
Bottom of the 7th over - 0 runs, 0 hits, 0 errors, 0 left on base; Port Royal 5 - Bloomington 9
TOP OF THE 8TH
Port Royal Disaster batting - Pitching for Bloomington Longnecks : RHP Vicente Escamilla
Batting: RHB Wrangler Haresnape 0-0: Called Strike
0-1: Ball
1-1: Ball
2-1: Swinging Strike
2-2: Ground out 5-3 (Groundball, 56)
Batting: RHB Brandon Cooper 0-0: Ball
1-0: Called Strike
1-1: Ball
2-1: Ball
3-1: Base on Balls
Batting: RHB Jesús Ruano 0-0: Fly out, F9 (Flyball, 9LS)
Batting: LHB José Vázquez 0-0: Called Strike
0-1: Ball
1-1: Ball
2-1: Called Strike
2-2: Ball
3-2: Strikes out looking
Top of the 8th over - 0 runs, 0 hits, 0 errors, 1 left on base; Port Royal 5 - Bloomington 9
BOTTOM OF THE 8TH
Bloomington Longnecks batting - Pitching for Port Royal Disaster : RHP Joe Griffin
Batting: LHB Daniel Faraday 0-0: Ball
1-0: Ground out 6-3 (Groundball, 6)
Batting: SHB Benedict Patel 0-0: Ball
1-0: Ball
2-0: Ball
3-0: Base on Balls
Batting: RHB Gabrio Campoverde 0-0: Called Strike
0-1: 2-RUN HOME RUN (Flyball, 7LD), Distance : 351 ft
Batting: LHB Gabriel Díaz 0-0: Ground out 1-3 (Groundball, 13)
Batting: RHB Martín Martínez 0-0: Called Strike
0-1: Ball
1-1: Fly out, F7 (Flyball, 78S)
Bottom of the 8th over - 2 runs, 1 hit, 0 errors, 0 left on base; Port Royal 5 - Bloomington 11
TOP OF THE 9TH
Port Royal Disaster batting - Pitching for Bloomington Longnecks : RHP Vicente Escamilla
Now at SS: Arturo Acevedo
Batting: RHB Winston Sparks 0-0: Called Strike
0-1: Swinging Strike
0-2: Ball
1-2: Strikes out swinging
Batting: LHB Ricky Payton 0-0: SINGLE (Groundball, 4MD)
Pitching: LHP Song-saeng Kim
Batting: RHB Loren Stallings 0-0: Ball
1-0: Ball
2-0: Ball
3-0: Called Strike
3-1: Base on Balls
Ricky Payton to second
Batting: LHB Bob Daugherty 0-0: Ball
1-0: Foul Ball, location: 2F
1-1: Fly out, F8 (Flyball, 8LS)
Batting: RHB David McJannett 0-0: Foul Ball, location: 2F
0-1: Called Strike
0-2: Foul Ball, location: 2F
0-2: Strikes out swinging
Top of the 9th over - 0 runs, 1 hit, 0 errors, 2 left on base; Port Royal 5 - Bloomington 11
Sunday, March 18th, 2018 - OOTP Baseball 18.8 Build 76